AoeStats
← Ligrete

Arabia

509473494Analyzed
2v2 RM · 5d ago on Sep 26, 2026· 19m 27s· 4 players
Game mode
Random Map
Map size
Medium (4 player)
Population
200
Speed
Normal
Resources
Standard
Victory
Conquest
Starting age
Dark Age
Ending age
Imperial Age
RankedLock teamsTeams togetherTeam positionsShared explorationLock speedFull tech treeHidden civsTurbo modeCheats
Victory
Defeat
🇷🇺 Dravidians · Russia
1069
+16
🇺🇦 Lithuanians · Ukraine
1064
+16
🇦🇺 Bulgarians · Australia
1101
-17
🇲🇽 Poles · Mexico
1047
-15
Felon
5:48 Loom
12:37 Feudal Age
13:12 Double-Bit Axe
14:00 Gold Mining
15:02 Wheelbarrow
14:19 Horse Collar
15:04 Fletching
15:36 Town Watch
18:28 Padded Archer Armor
Ligrete
9:33 Feudal Age
7:50 Loom
9:37 Feudal Age
10:57 Double-Bit Axe
11:23 Horse Collar
20:03 Wheelbarrow
CHUPA <AUS>
0:56 Loom
11:26 Feudal Age
12:19 Arson
13:53 Forging
13:44 Scale Mail Armor
Master Blaster
0:28 Loom
10:17 Feudal Age
11:17 Double-Bit Axe
15:09 Bloodlines
16:48 Scale Mail Armor
17:06 Stone Mining
19:15 Scale Barding Armor
19:31 Forging
Connection lost

Rejoining the realm…

Still unreachable

The connection could not be restored.

Session expired

The server has moved on; the page needs a fresh start.